 Dungeon Crawl Stone Soup version 0.28.0 (webtiles) character file.

Game seed: 1076855621649709459

63 Crownlay the Chucker (level 3, -3/33 HPs)
             Began as a Troll Hunter on Feb 9, 2022.
             Slain by an iguana (10 damage)
             ... on level 6 of the Dungeon.
             The game lasted 00:01:53 (1666 turns).

Crownlay the Chucker (Troll Hunter)                 Turns: 1666, Time: 00:01:54

Health: -3/33      AC:  4    Str: 22    XL:     3   Next: 87%
Magic:  2/2        EV:  9    Int:  7    God:
Gold:   75         SH:  0    Dex: 10    Spells: 2/2 levels left

rFire   . . .      SeeInvis .     - Unarmed
rCold   . . .      Faith    .   (no shield)
rNeg    . . .      Spirit   .   b - +0 robe
rPois   .          Reflect  .   (helmet restricted)
rElec   .          Harm     .   (no cloak)
rCorr   .          Rampage  .   (gloves unavailable)
Will    .....                   (boots unavailable)
Stlth   +.........              (no amulet)
HPRegen 0.91/turn               (no ring)
MPRegen 0.08/turn               (no ring)

@: no status effects
A: large, unfitting armour, claws 3, regeneration 1, shaggy fur 1, tough skin 1
a: no special abilities


You were on level 6 of the Dungeon.
You visited 1 branch of the dungeon, and saw 4 of its levels.

You collected 75 gold pieces.

Inventory:

Missiles
 c - 2 large rocks (quivered)
 d - 2 throwing nets
Armour
 b - a +0 robe (worn)
Scrolls
 a - a scroll of identify
 e - a scroll of silence
 f - a scroll of fear
 g - a scroll of blinking {unknown}
 h - a scroll of enchant weapon {unknown}
 i - a scroll of enchant armour {unknown}
 j - a scroll of teleportation {unknown}
 l - a scroll of acquirement {unknown}
 n - a scroll of amnesia {unknown}
Potions
 k - a potion of curing {unknown}
 m - a potion of heal wounds {unknown}


   Skills:
 - Level 1.5 Fighting
 + Level 4.1 Throwing
 - Level 1.5 Dodging
 - Level 0.3 Stealth
 * Level 2.8 Unarmed Combat


You had 2 spell levels left.
You didn't know any spells.
Your spell library contained the following spells:

 Spells                   Type           Power      Damage    Failure   Level
 Apportation              Tloc           0%         N/A       43%         1
 Alistair's Intoxication  Tmut/Pois      0%         N/A       100%        5


Dungeon Overview and Level Annotations

Branches:
Dungeon (3/15)             Temple (0/1) D:6

Altars:

Shops:
D:2 :


Innate Abilities, Weirdness & Mutations

You are too large for most types of armour.
You have claws for hands.
Your natural rate of healing is unusually fast.
You are covered in fur. (AC +1)
You have tough skin. (AC +1)


Message History

A sourceless malevolence fills the Dungeon...
You fall into a shaft and drop 3 floors!
The shaft crumbles and collapses.
An iguana comes into view.
The iguana hisses angrily.
Found a mace.
Found a stone staircase leading up.
Found a staircase to the Ecumenical Temple.
The iguana bites you.
You scratch the iguana but do no damage.
The iguana bites you!
You claw the iguana!
The iguana is heavily wounded.
The iguana bites you!
You are too injured to fight recklessly!
You are too injured to fight recklessly!
You are too injured to fight recklessly!
You scratch the iguana.
The iguana is heavily wounded.
Throw: 5 large rocks
Press: ? - help, Q - select action, (/) - cycle Shift-Dir - straight line, f - iguana
Aim: an iguana (heavily wounded, 61% to hit)
You throw a large rock. The large rock hits the iguana.
The iguana is severely wounded.
The iguana barely misses you. The iguana bites you.
* * * LOW HITPOINT WARNING * * *
Throw: 4 large rocks
Press: ? - help, Q - select action, (/) - cycle Shift-Dir - straight line, f/p - iguana
Aim: an iguana (severely wounded, 61% to hit)
You throw a large rock. The large rock hits the iguana.
The iguana is almost dead.
The iguana bites you but does no damage.
The iguana bites you.
* * * LOW HITPOINT WARNING * * *
Throw: 3 large rocks
Press: ? - help, Q - select action, (/) - cycle Shift-Dir - straight line, f/p - iguana
Aim: an iguana (almost dead, 61% to hit)
You throw a large rock.
The large rock barely misses the iguana.
The iguana bites you!
You die...

#...# #....#
#.....#
##...... ####
#.....#
.....###...#
..........#
...##....###
#.....@#
#......l..#
#.....<.......
#........().#.
##........#.#
#.....###..P..
#.#.#.##


PP.PP ...... ..>P You could see an iguana.

Vanquished Creatures
  A worm (D:2)
  5 dart slugs
  6 endoplasms
  4 goblins
  3 hobgoblins
  4 jackals (D:2)
  4 kobolds
  A quokka (D:1)
  4 ball pythons
  6 bats
  5 frilled lizards
  4 rats (D:1)
47 creatures vanquished.

Notes
Turn   | Place    | Note
-------+----------+-------------------------------------------
     0 | D:1      | Crownlay the Troll Hunter began the quest for the Orb.
     0 | D:1      | Reached XP level 1. HP: 19/19 MP: 0/0
    74 | D:1      | Reached skill level 1 in Unarmed Combat
   172 | D:1      | Found a faded altar of an unknown god.
   172 | D:1      | Noticed a cacodemon
   297 | D:1      | Reached XP level 2. HP: 27/27 MP: 1/1
   703 | D:1      | Reached XP level 3. HP: 33/33 MP: 2/2
   811 | D:2      | Reached skill level 4 in Throwing
  1207 | D:2      | Found Kokuts's Book Boutique.
  1657 | D:3      | You fall into a shaft and drop 3 floors!
  1659 | D:6      | Found a staircase to the Ecumenical Temple.
  1666 | D:6      | Slain by an iguana

Illustrated notes

Levels and vault maps discovered:
D:1:      lightli_arrival_isolated_outpost, layout_basic,
          dreamdust_ecumenical_altar_sealed_demon
D:2:      layout_basic, serial_shops, nicolae_diamond_shop
D:3:      layout_basic, mainiacjoe_overflow_surrounded_room, uniq_grinder
D:6:      wander_river, layout_loops_ring, minmay_temple_entry_overgrown,
          nrook_mini_backslash

Skill      XL: |  1  2  3 |
---------------+----------+-----
Unarmed Combat | 1 2 |  2.8
Throwing       | 4 |  4.1
Fighting       | |  1.5
Dodging        | |  1.5
Stealth        | |  0.3

Action                   || total
-------------------------++-------
Melee: Unarmed           ||   132
       Punch             ||     1
Throw: Large rock        ||     3
  Use: Scroll            ||     2
 Stab: Sleeping          ||     1
Armor: Robe              ||    54
Dodge: Dodged            ||    54
